Cogmind - Beta 10.2 @@@ ROGUE MODE // 2020.12.26 @ 12:41:42 Player: Buffy Result: Destroyed by D-53 Grenadier with Mini Grenade Launcher Performance ------------- Evolutions (0) 0 Regions Visited (4) 800 Robots Destroyed (18) 90 Value Destroyed (347) 347 Prototype IDs (25) 500 Alien Tech Used (0) 0 Bonus (300) 300 TOTAL SCORE: 2037 Bonus ------- Aligned with FarCom 300 Cogmind --------- Core Integrity 0/250 Matter 280/300 Energy 63/100 System Corruption 7% Temperature Cool (0) Movement Core (550) Ox10 Location -9/Mines Parts ------- > --- POWER (1) -------- (None) > --- PROPULSION (2) --- (None) > --- UTILITY (2) ------ Large Storage Unit Large Storage Unit > --- WEAPON (2) ------- (None) > --- INVENTORY (16) --- Ion Engine Light Ion Engine Light Fission Core Aluminum Leg Heat Sink Medium Storage Unit High-capacity Battery (400) High-capacity Battery (400) High-capacity Matter Pod (67) Propulsion Shielding Trap Reconfigurator Peak State ------------ > --- POWER ------------ Ion Engine > --- PROPULSION ------- Aluminum Leg Aluminum Leg > --- UTILITY ---------- Large Storage Unit Large Storage Unit > --- WEAPON ----------- Light Assault Rifle Light Assault Rifle > --- INVENTORY -------- Ion Engine Light Ion Engine Light Fission Core Aluminum Leg Aluminum Leg Aluminum Leg Wheel Compact Wheel Heat Sink Medium Storage Unit High-capacity Battery High-capacity Battery High-capacity Matter Pod Propulsion Shielding Trap Reconfigurator [Rating: 9] Favorites ----------- Power Ion Engine Engine Ion Engine Propulsion Aluminum Leg Leg Aluminum Leg Wheel Compact Wheel Utility Large Storage Unit Storage Large Storage Unit Weapon Light Assault Rifle Energy Gun Small Laser Ballistic Gun Light Assault Rifle Ballistic Cannon Light Cannon Special Weapon Mining Laser Build | -11 -10 -10 -10 -9 ------- Run | Scr Mat Min Exi Min Slots Evolved . | . . . . . Power . | . . . . . Propulsion . | . . . . . Utility . | . . . . . Weapon . | . . . . . Parts Attached 32 | 7 12 7 2 4 Power 3 | 1 1 1 . . Engine 3 | 1 1 1 . . Core . | . . . . . Reactor . | . . . . . Propulsion 9 | 2 1 2 . 4 Treads . | . . . . . Leg 7 | 2 1 2 . 2 Wheel 2 | . . . . 2 Hover . | . . . . . Flight . | . . . . . Utility 6 | 2 2 . 2 . Device . | . . . . . Storage 6 | 2 2 . 2 . Processor . | . . . . . Hackware . | . . . . . Protection . | . . . . . Artifact . | . . . . . Weapon 14 | 2 8 4 . . Energy Gun 6 | 1 4 1 . . Energy Cannon . | . . . . . Ballistic Gun 4 | 1 1 2 . . Ballistic Cannon 3 | . 3 . . . Launcher . | . . . . . Special Weapon 1 | . . 1 . . Impact Weapon . | . . . . . Slashing Weapon . | . . . . . Piercing Weapon . | . . . . . Special Melee Weapon . | . . . . . Unidentified Prototypes . | . . . . . Parts Lost 14 | . 1 4 . 9 Power 2 | . . 1 . 1 Propulsion 6 | . . . . 6 Utility . | . . . . . Weapon 6 | . 1 3 . 2 Highest Loss Streak 9 | . 1 2 . 9 Average Slot Usage (%) 99 | . 99 99 100 96 Engine 13 | . 13 13 14 12 Leg 27 | . 27 28 28 28 Storage 28 | . 28 28 28 28 Energy Gun 6 | . 12 3 . . Ballistic Gun 14 | . 9 12 28 25 Ballistic Cannon 5 | . 6 8 . . Special Weapon 1 | . . 3 . . Naked Turns . | . . . . . Heaviest Build 39 | 15 33 33 39 39 Greatest Support 20 | 20 20 20 20 20 Greatest Overweight (x) 3 | 1 3 1 1 3 Average Overweight (x) . | . . 1 1 1 Largest Inventory Capacity 16 | 8 14 14 16 16 Average Capacity 14 | 5 13 14 15 16 Most Carried 15 | 3 14 13 15 15 Average Carried 11 | 1 10 12 13 14 Final Capacity 16 | 8 14 14 16 16 Final Carried 15 | 3 13 12 15 11 Class Distribution -------------------- 100% | Mutant Dominant Class ---------------- Mutant | -10/Materials Mutant | -10/Mines Mutant | -10/Exiles Mutant | -9/Mines Resources | -11 -10 -10 -10 -9 ----------- Run | Scr Mat Min Exi Min Matter Collected 633 | 270 125 238 . . Remotely . | . . . . . Salvage Created 457 | 64 215 178 . . Parts 39 | 4 23 12 . . Haulers Intercepted . | . . . . . Recyclers Shooed . | . . . . . Parts Field Recycled . | . . . . . Retrieved Matter . | . . . . . Parts Self-Destructed . | . . . . . Prevented . | . . . . . Kills | -11 -10 -10 -10 -9 ------- Run | Scr Mat Min Exi Min Combat Hostiles Destroyed 16 | . 11 5 . . Guns 12 | . 9 3 . . Cannons 4 | . 2 2 . . Classes Destroyed 6 | 1 3 2 . . Tunneler 1 | . . 1 . . Recycler 1 | 1 . . . . Watcher 1 | . 1 . . . Swarmer 8 | . 8 . . . Grunt 7 | . 3 4 . . Assembled 1 | . . 1 . . Best Kill Streak 4 | 1 3 4 . . Combat Bots Only 3 | . 3 3 . . Max Kills in Single Turn 1 | 1 1 1 . . Gunslinging . | . . . . . Exploded . | . . . . . Melee . | . . . . . Uniques/NPCs Destroyed . | . . . . . Combat | -11 -10 -10 -10 -9 -------- Run | Scr Mat Min Exi Min Damage Taken 1621 | . 293 306 . 1022 Core 263 | . 41 23 . 199 Absorbed by Shields . | . . . . . Core Remaining (%) 100 | 100 . . . . Volleys Fired 73 | 2 30 40 . 1 Largest 2 | 1 2 2 . 2 Hottest 100 | 40 75 100 . 40 Shots Fired 121 | 2 60 57 . 2 Gun 73 | 2 47 22 . 2 Cannon 25 | . 13 12 . . Launcher . | . . . . . Special 23 | . . 23 . . Kinetic 68 | . 35 31 . 2 Thermal 53 | 2 25 26 . . Explosive . | . . . . . Electromagnetic . | . . . . . Robot Hit Streak 8 | 1 7 8 . 1 Robot Miss Streak 4 | 1 4 2 . 1 Penetration Max . | . . . . . Secondary Targets . | . . . . . Shots Hit Robots 56 | 1 31 23 . 1 Core Hits 30 | 2 17 10 . 1 Critical Hits 1 | . . 1 . . Critical Kills 1 | . . 1 . . Critical Parts Destroyed . | . . . . . Melee Attacks . | . . . . . Impact . | . . . . . Slashing . | . . . . . Piercing . | . . . . . Sneak Attacks . | . . . . . Combat Hostiles . | . . . . . Follow-up Attacks . | . . . . . Damage Inflicted 765 | 22 395 344 . 4 Guns 394 | 22 217 155 . . Cannons 367 | . 178 189 . . Explosions . | . . . . . Melee . | . . . . . Ramming 4 | . . . . 4 Kinetic 575 | . 243 332 . . Thermal 186 | 22 152 12 . . Explosive . | . . . . . Electromagnetic . | . . . . . Impact . | . . . . . Slashing . | . . . . . Piercing . | . . . . . Highest Corruption 7 | . . 2 2 7 Average Corruption 2 | . . 2 2 2 Corruption Purged . | . . . . . Effects 9 | . . 5 3 1 Message Errors 1 | . . . 1 . Matter Fused 1 | . . . . 1 Heat Flow Errors 1 | . . . 1 . Energy Discharges 1 | . . 1 . . Data Loss (minor) 3 | . . 2 1 . Targeting Errors 2 | . . 2 . . Overload Shots . | . . . . . Overflow Damage 29 | . 16 13 . . Projectiles 29 | . 16 13 . . Explosions . | . . . . . Melee . | . . . . . Knockbacks 11 | . 6 5 . . Impact . | . . . . . Kinetic 10 | . 5 5 . . Secondary 1 | . 1 . . . Self-Inflicted Damage . | . . . . . Shots . | . . . . . Rammed 1 | . . . . 1 Targets Rammed 4 | . . . . 4 Kicked 3 | . . . . 3 Crushed . | . . . . . Highest Temperature 155 | . 90 42 155 . Average Temperature 21 | . 28 14 79 . Received Heat Transfer 154 | . 18 136 . . Siege Activations . | . . . . . Robots Corrupted . | . . . . . Combat Hostiles . | . . . . . Parts Fried . | . . . . . Impact Corruptions . | . . . . . Robots Melted . | . . . . . Combat Hostiles . | . . . . . Parts Melted . | . . . . . Heat Transferred 425 | 50 350 25 . . Parts Sabotaged . | . . . . . Parts Stolen . | . . . . . Parts Stripped . | . . . . . Power Chain Reactions . | . . . . . Missiles Intercepted . | . . . . . Alert | -11 -10 -10 -10 -9 ------- Run | Scr Mat Min Exi Min Peak Influence 152 | 5 152 45 . . Initial 3 | . 3 . . . Average 44 | 2 64 18 . . Maximum Alert Level . | . . . . . Low Security (%) 100 | 100 100 100 . 100 Level 1 . | . . . . . Level 2 . | . . . . . Level 3 . | . . . . . Level 4 . | . . . . . Level 5 . | . . . . . High Security . | . . . . . Max Security . | . . . . . Squads Dispatched 1 | . 1 . . . Investigation 1 | . 1 . . . Extermination . | . . . . . Reinforcement . | . . . . . Assault . | . . . . . Garrison . | . . . . . Intercept . | . . . . . Construction Impeded . | . . . . . Haulers Reinforced . | . . . . . Stealth | -11 -10 -10 -10 -9 --------- Run | Scr Mat Min Exi Min Distress Signals 2 | . 1 1 . . Communications Jammed . | . . . . . Distress Signals . | . . . . . Times Spotted 39 | . 18 8 . 13 Peak Tracking Total 11 | . 5 3 . 11 Tactical Retreats 5 | . 1 3 . 1 Traps | -11 -10 -10 -10 -9 ------- Run | Scr Mat Min Exi Min Traps Triggered 6 | . 6 . . . Indirectly . | . . . . . Trap Hack Attempts . | . . . . . Triggered . | . . . . . Disarmed . | . . . . . Reprogrammed . | . . . . . Reused . | . . . . . Traps Extracted . | . . . . . Installed . | . . . . . Triggered . | . . . . . Machines | -11 -10 -10 -10 -9 ---------- Run | Scr Mat Min Exi Min Machines Disabled . | . . . . . Max in Single Turn . | . . . . . Machines Sabotaged . | . . . . . Garrisons Compromised . | . . . . . Overloaded Fab Kills . | . . . . . Fab Network Shutdowns . | . . . . . Hacking | -11 -10 -10 -10 -9 --------- Run | Scr Mat Min Exi Min Machines Accessed 13 | . 10 1 2 . Terminals 9 | . 8 1 . . Fabricators . | . . . . . Repair Stations . | . . . . . Recycling Units 2 | . 2 . . . Scanalyzers . | . . . . . Garrison Access . | . . . . . Total Hacks 32 | . 29 1 2 . Successful 21 | . 19 . 2 . Failed 11 | . 10 1 . . Catastrophic 2 | . 2 . . . Database Lockouts . | . . . . . Manual 18 | . 16 1 1 . Terminals 28 | . 27 1 . . Fabricators . | . . . . . Repair Stations . | . . . . . Recycling Units 2 | . 2 . . . Scanalyzers . | . . . . . Garrison Access . | . . . . . Terminal Hacks 16 | . 14 . 2 . Record 1 | . . . 1 . Part Schematic 2 | . 2 . . . Prototype ID Bank 1 | . 1 . . . Branch Access Points 1 | . 1 . . . Terminal Index 1 | . 1 . . . Unreport Threat 2 | . 2 . . . Locate Traps 1 | . 1 . . . Hauler Manifests 1 | . 1 . . . Registered Components 1 | . 1 . . . Registered Prototypes 1 | . 1 . . . Zone Layout 3 | . 3 . . . EX-Prototype ID Bank 1 | . . . 1 . Fabricator Hacks . | . . . . . Repair Station Hacks . | . . . . . Recycling Unit Hacks 2 | . 2 . . . Report Inventory 2 | . 2 . . . Scanalyzer . | . . . . . Garrison Access Hacks . | . . . . . Unauthorized Hacks 3 | . 3 . . . Terminals 3 | . 3 . . . Botnet 3 | . 3 . . . Fabricators . | . . . . . Repair Stations . | . . . . . Recycling Units . | . . . . . Scanalyzers . | . . . . . Garrison Access . | . . . . . Data Cores Recovered . | . . . . . Used . | . . . . . Hacking Detections 10 | . 9 1 . . Full Trace Events . | . . . . . Feedback Events . | . . . . . Feedback Blocked . | . . . . . Robot Schematics Acquired . | . . . . . Robots Built . | . . . . . Matter . | . . . . . Time . | . . . . . Total Robot Build Rating . | . . . . . Part Schematics Acquired 2 | . 2 . . . Parts Built . | . . . . . Matter . | . . . . . Time . | . . . . . Total Part Build Rating . | . . . . . Parts Repaired . | . . . . . Time . | . . . . . Parts Recycled . | . . . . . Recycled Matter . | . . . . . Retrieved Matter . | . . . . . Retrieved Components . | . . . . . Parts Scanalyzed . | . . . . . Part Schematics Acquired . | . . . . . Parts Damaged . | . . . . . Bothacking | -11 -10 -10 -10 -9 ------------ Run | Scr Mat Min Exi Min Used RIF Installer . | . . . . . Robots Hacked . | . . . . . Non-combat . | . . . . . Combat . | . . . . . Robot Hacks Applied . | . . . . . Relay Couplers Released . | . . . . . Robots Rewired . | . . . . . Allies Hacked . | . . . . . Hacks Repelled . | . . . . . Allies | -11 -10 -10 -10 -9 -------- Run | Scr Mat Min Exi Min Total Allies . | . . . . . Largest Group . | . . . . . Highest-Rated Group . | . . . . . Highest-Rated Ally . | . . . . . Total Orders . | . . . . . Ally Attacks . | . . . . . Total Damage . | . . . . . Kills . | . . . . . Allies Corrupted . | . . . . . Allies Melted . | . . . . . Intel | -11 -10 -10 -10 -9 ------- Run | Scr Mat Min Exi Min Robot Analysis Total . | . . . . . Derelict Logs Recovered . | . . . . . Drone Launches . | . . . . . Drone Recoveries . | . . . . . Exploration | -11 -10 -10 -10 -9 ------------- Run | Scr Mat Min Exi Min Turns Passed 2438 | 59 1217 637 402 123 Spaces Moved 1379 | 37 696 309 265 72 Core 5 | 5 . . . . Treads . | . . . . . Legs 1374 | 32 696 309 265 72 Wheels . | . . . . . Hover . | . . . . . Flight . | . . . . . Fastest Speed 50 | 50 120 150 150 150 Average Speed 149 | 114 149 150 150 151 Slowest Speed 210 | 120 210 150 150 210 Overloaded Moves . | . . . . . Propulsion Burnouts . | . . . . . Robots Hopped . | . . . . . Cave-ins Triggered 1 | . . . . 1 Exploration Rate (%) 47 | 3 97 52 64 23 Regions Visited 4 Branch Regions 3 Pre-discovered Areas 2 | . . 1 1 . Known Exits Taken 1 | . 1 . . . Unknown Exits Taken 3 | 1 . 1 1 . Scrap Searched 2 | . . 2 . . Spaces Dug . | . . . . . Terrain Destroyed . | . . . . . Melee . | . . . . . Projectile . | . . . . . AOE . | . . . . . Terrain Rammed . | . . . . . Walls Destroyed . | . . . . . Machines Disabled . | . . . . . Actions | -11 -10 -10 -10 -9 --------- Run | Scr Mat Min Exi Min Total 1594 | 48 812 383 269 82 Wait 80 | . 56 23 . 1 Move 1375 | 36 695 308 264 72 Hop . | . . . . . Pick Up 22 | 3 14 3 2 . Fast Attach 14 | 7 7 . . . Attach 10 | . 2 4 . 4 Detach . | . . . . . Swap 8 | . 3 3 2 . Drop 8 | . 5 2 1 . Fire 73 | 2 30 40 . 1 Melee . | . . . . . Ram . | . . . . . Kick 4 | . . . . 4 Crush . | . . . . . Escape Stasis . | . . . . . Rewire . | . . . . . Trap . | . . . . . Miscellaneous . | . . . . . Route ------- -11/Scrapyard -10/Materials (discovered 4 exits: [*Mat x3] / *Min) -10/Mines -10/Exiles -9/Mines History --------- Turn | Location | Event 7 | -11/Scrapyard | Discovered new exit (range 14) 60 | -11/Scrapyard | Entered Materials 302 | -10/Materials | Build established: Mutant 434 | -10/Materials | Discovered new exit (range 9) 568 | -10/Materials | Identified exit to Mines 711 | -10/Materials | Discovered new exit (range 5) 1102 | -10/Materials | Discovered new exit (range 3) 1277 | -10/Materials | Entered Mines 1278 | -10/Mines | Learned location of Storage (-9) 1340 | -10/Mines | Excavation squad dispatched 1340 | -10/Mines | A large section of the Mines collapsed 1590 | -10/Mines | Excavation squad dispatched 1840 | -10/Mines | Excavation squad dispatched 1908 | -10/Mines | Deemed a non-threat by the Exiles lab entrance 1908 | -10/Mines | Discovered new exit (range 5) 1914 | -10/Mines | Entered Exiles 1952 | -10/Exiles | Met 8R-AWN 1981 | -10/Exiles | Met EX-HEX 2093 | -10/Exiles | Met EX-BIN 2112 | -10/Exiles | Aligned with FarCom system 2114 | -10/Exiles | Given EX-Vault access code 2148 | -10/Exiles | Opened EX-Vault 2163 | -10/Exiles | Found Trap Reconfigurator 2194 | -10/Exiles | Warned to stay clear of 0b10 Research branches 2238 | -10/Exiles | Met EX-DEC 2244 | -10/Exiles | Learned location of Zion (-7) 2301 | -10/Exiles | Discovered new exit (range 10) 2316 | -10/Exiles | Left Exiles lab with Trap Reconfigurator 2316 | -10/Exiles | Entered Mines 2386 | -9/Mines | Assembled infested the area 2391 | -9/Mines | Assisted by a Guerilla fighting off Assembled 2426 | -9/Mines | Crushed by falling debris 2426 | -9/Mines | Core integrity fell below 50% 2436 | -9/Mines | Core integrity fell below 20% 2439 | -9/Mines | Destroyed by D-53 Grenadier with Mini Grenade Launcher Last Messages --------------- 02425_ as-81126 destroyed. 02426_ The unstable cave ceiling collapses. 02426_ Crushed by falling debris. 02426_ Lgt. Assault Rifle destroyed. 02426_ System corrupted by crushing effect (+4). 02426_ Aluminum Leg destroyed. 02426_ System corrupted by crushing effect (+1). 02428_ The unstable cave ceiling collapses. 02428_ U-05 Engineer lays Concrete. 02429_ U-05 Engineer builds a Wall. 02429_ Lgt. Assault Rifle destroyed. 02431_ The unstable cave ceiling collapses. 02434_ System corrupted: Matter fused (-5). 02434_ The unstable cave ceiling collapses. 02435_ Aluminum Leg destroyed. 02436_ The unstable cave ceiling collapses. 02437_ Aluminum Leg destroyed. 02437_ Wheel destroyed. 02438_ The unstable cave ceiling collapses. 02439_ Com. Wheel destroyed. Map ----- +----------------------------------------------------+ | ?????????????????????????????????????????????????? | | ?????????????????????????????????????????????????? | | ?????????????????????????????????????????????????? | | ?????????????????????????????????????????????????? | | ?????????????????????????????????????????????????? | | ?????????????????????????????????????????????????? | | ?????????????????????????????????????????????????? | | ?????????????????????????????????????????????????? | | ?????????????????????????????????????????????????? | | ?? ??????????????????????????????????????????????? | | ?? ???????????????????? ??????????????????????? | | ??# ???????????????????? #?????????????????????? | | ??# ? ??????????????????a #?????????????????????? | | ?## # ?????????????????? #?????????????????????? | | ## # ??????????????????a #?????????????????????? | | # ?????????????????# ?????????????????????? | | ????????????????? ?????????????????????? | | ????????????????? a ??????????????????????? | | #????????#######? a ??????????????????????? | | ##???#### # ### #??????????????????????? | | ####### # ##a###????????????????????? | | % # # ##???????????????????? | | ### ###### # #???????????????????? | | #??# #???# ## #???????????????????? | | ?# #### #???# d d #???????????????????? | | ?# #???## @ #???????????????????? | | ?# ######???# ## #?????????????????? | | ## #????????### ###?????????????????? | | #??????????### #???????????????????? | | #????????????## # ##???????????????????? | | #####?????????????######## ????????????????????? | | ?????????????????????????? ###???????????????????? | | #????????????????????????? #?????????????????????? | | ##????????????????????????|#?????????????????????? | | #????????????????????????%#?????????????????????? | | #????????????????????????*=?????????????????????? | | ##???????????????????????? ?????????????????????? | | #?????????????????????????? ?????????????????????? | | #?????????????????????????? ?????????????????????? | | #?????????????????????????? ?????????????????????? | | #?????????????????????????? ?????????????????????? | | #????????????????????????????????????????????????? | | #????????????????????????????????????????????????? | | ?????????????????????????????????????????????????? | | ?????????????????????????????????????????????????? | | ?????????????????????????????????????????????????? | | ?????????????????????????????????????????????????? | | ?????????????????????????????????????????????????? | | ?????????????????????????????????????????????????? | | ?????????????????????????????????????????????????? | +----------------------------------------------------+ Best States ------------- Heat Dissipation 25 Energy Generation 10 Energy Capacity 250 Matter Stores 300 Matter Capacity 300 Sight Range 16 Terrain Scan Density 10 Evasion (%) 40 Item Schematics ----------------- Lrg. Storage Unit | -10/Materials | Hacked Propulsion Shielding | -10/Materials | Hacked Robot Schematics ------------------ None Fabricated ------------ Nothing Alien Tech Used ----------------- None Achievements -------------- None Challenges ------------ None Game ------ Seed EtherialNeutronProtection Manual? 0 Play Time 00:36:51 Cumulative 120.5 hours Start 2020.12.26 @ 11:52:14 End 2020.12.26 @ 12:41:42 Sessions 1 Manual Loads 0 Difficulty Rogue Special Mode None Game No. 40 Rogue 37 Adventurer 1 Explorer 2 Win Type - Total 0 Types 0/0/0/0/0/0/0/0/0 Lore% 43 Gallery% 51 Achievement% 40 Wizard Run 0 Options --------- ASCII 0 Keyboard 0 Movement Mouse Keybinds 0 Fullscreen 1 Font 18/SmallcapsGlow Map View 76x50 Tactical HUD 1 Map Filters NONE Filters NONE Steam 0 RUN: 0403ad3d-ce1d-47a5-8a99-c4022fd008dd